 Dungeon Crawl Stone Soup version 0.19-a0-488-gf8766cc (webtiles) character file.

827 Delvonshi the Skirmisher (level 7, 0/41 HPs)
             Began as a Vine Stalker Wizard on June 4, 2016.
             Slain by a hound (4 damage)
             ... on level 5 of the Dungeon.
             The game lasted 00:19:17 (5934 turns).

Delvonshi the Skirmisher (Vine Stalker Wizard)      Turns: 5934, Time: 00:19:17

Health: 0/41       AC:  3    Str:  9    XL:     7   Next: 97%
Magic:  0/12       EV: 12    Int: 20    God:
Gold:   219        SH:  0    Dex: 13    Spells: 2 memorised, 8 levels left

rFire  . . .     SeeInvis .     w - +1 spear
rCold  . . .     Gourm    .     E - -1 robe (curse)
rNeg   + . .     Faith    .     (no shield)
rPois  .         Spirit   +     x - +0 helmet
rElec  .         Dismiss  .     (no cloak)
rCorr  .         Reflect  .     h - +0 pair of gloves
SustAt .         Harm     .     (no boots)
MR     .....                    (no amulet)
Stlth  ++........               (no ring)
                                l - ring of positive energy

@: lethally poisoned (0 -> -5), not resistant to hostile enchantments,
unstealthy
A: fangs 2, regeneration 2, magic shield, antimagic bite, no device heal 3, rot
immunity
a: no special abilities


You were on level 5 of the Dungeon.
You were hungry.

You visited 1 branch of the dungeon, and saw 5 of its levels.

You collected 219 gold pieces.

Inventory:

Hand Weapons
 j - a +0 dagger
 s - a cursed -1 dagger
 w - a +1 spear (weapon)
Missiles
 o - 6 javelins (quivered)
 p - 5 curare-tipped needles
Armour
 a - a +0 robe
 h - a +0 pair of gloves (worn)
 x - a +0 helmet (worn)
 y - the +1 ring mail of Niops {Str+4 Int+2}
   (You found it on level 4 of the Dungeon)

   It affects your strength (+4).
   It affects your intelligence (+2).
 E - a cursed -1 robe (worn)
Jewellery
 l - a ring of positive energy (left hand)
 v - an uncursed ring of magical power {unknown}
Wands
 G - a wand of lightning (4/15)
Scrolls
 b - a scroll of enchant weapon
 e - 6 scrolls of identify
 f - a scroll of magic mapping
 n - a scroll of fog
 F - a scroll of teleportation
Potions
 g - a potion of ambrosia
 i - a potion of flight {unknown}
 k - a potion of lignification {unknown}
 m - a potion of curing {unknown}
 r - a potion of invisibility
 t - 2 potions of mutation {unknown}
 z - 3 potions of heal wounds {unknown}
 B - a potion of berserk rage {unknown}
 C - a potion of brilliance {unknown}
Books
 c - a book of Minor Magic

   Spells                             Type                      Level
   a - Magic Dart                     Conjuration                  1
   b - Blink                          Translocation                2
   c - Call Imp                       Summoning                    2
   d - Repel Missiles                 Charms/Air                   2
   e - Slow                           Hexes                        2
   f - Conjure Flame                  Conjuration/Fire             3
   g - Mephitic Cloud                 Conjuration/Poison/Air       3
Comestibles
 d - 4 bread rations
 q - 2 meat rations
 u - a royal jelly
 A - 9 fruits
 H - 2 beef jerkies


   Skills:
 * Level 6.4 Fighting
 - Level 1.5 Dodging
 - Level 2.4 Stealth
 - Level 3.2 Spellcasting
 + Level 4.8 Conjurations
   Level 1.0 Summonings
   Level 1.0 Translocations


You had 8 spell levels left.
You knew the following spells:

 Your Spells              Type           Power        Failure   Level  Hunger
a - Magic Dart            Conj           ###.         1%          1    None
b - Mephitic Cloud        Conj/Pois/Air  #.......     24%         3    ###....


Dungeon Overview and Level Annotations

Branches:
Dungeon (5/15)
 Temple: D:4-7

Altars:
Ashenzari
Cheibriados
Elyvilon
Fedhas
Gozag
Makhleb
Okawaru
Pakellas
Ru
Vehumet
Yredelemnul
The Shining One

Annotations:
D:3 chicagocrazy's ghost, amateur HOMo


Innate Abilities, Weirdness & Mutations

You have extremely sharp teeth.
You heal very quickly.
When hurt, damage is shared between your health and your magic reserves.
Your bite disrupts and absorbs the magic of your enemies.
Potions and wands cannot restore your health.
You are immune to rotting.


Message History

The killer bee stings you!
The killer bee buzzes angrily.
The killer bee stings you!
* * * LOW HITPOINT WARNING * * *
You are poisoned.
The killer bee poisons you!
You feel sick. The killer bee barely misses you.
The orc wizard gestures wildly while chanting.
The orc wizard blinks!
You hit the orc wizard.
The orc wizard is moderately wounded.
You feel sick. The killer bee stings you.
* * * LOW HITPOINT WARNING * * *
You are more poisoned.
The killer bee poisons you! The killer bee stings you.
* * * LOW HITPOINT WARNING * * *
The orc wizard hits you with a dagger.
* * * LOW HITPOINT WARNING * * *
The hound bites you.
You die...

###....## ###........# #.....##
#........### #.##......##
##....##.....
#.........####...##......
###........[...........#
........#.#[....)<.###....##
........#####...### ##...##
#....b.........o# ##....#
##..............@## ##..#....#
?.........#####hy.###...###...#
.....#.....## ##.........# .##
............#####y..###...# #
..#......o.h..##ยง### ##.....
..........##......# #....
..#.#o....#.##...## .#... ..
#..h..## ###y# .###.
....y......# #.#


You could see a hound, 2 killer bees and an orc wizard.

Vanquished Creatures
  Grinder (D:4)
  2 ogres (D:4)
  A scorpion (D:4)
  A crimson imp (D:4)
  2 orc priests
  An orc wizard (D:5)
  2 giant frog skeletons (D:4)
  A worker ant (D:4)
  Robin (D:2)
  4 gnolls (D:2)
  6 adders
  3 worms
  3 dart slugs
  5 giant geckos
  10 orcs
  7 bats
  3 giant cockroaches
  17 goblins
  9 hobgoblins
  9 kobolds
  2 quokkas (D:2)
  5 giant newts
  8 rats
103 creatures vanquished.

Notes
Turn   | Place    | Note
--------------------------------------------------------------
     0 | D:1      | Delvonshi the Vine Stalker Wizard began the quest for the Orb.
     0 | D:1      | Reached XP level 1. HP: 9/9 MP: 5/5
    94 | D:1      | Reached skill level 1 in Fighting
   106 | D:1      | Reached XP level 2. HP: 8/14 MP: 0/7
   835 | D:2      | Reached skill level 2 in Fighting
   835 | D:2      | Reached XP level 3. HP: 18/18 MP: 4/8
  1495 | D:2      | Learned a level 3 spell: Mephitic Cloud
  1725 | D:2      | Reached XP level 4. HP: 23/23 MP: 5/9
  1926 | D:2      | Found an iron altar of Okawaru.
  1943 | D:2      | Noticed Robin
  1974 | D:2      | Reached skill level 3 in Fighting
  2511 | D:2      | Killed Robin
  2511 | D:2      | Reached XP level 5. HP: 26/28 MP: 3/10
  3481 | D:3      | Found a glowing golden altar of the Shining One.
  3679 | D:3      | Noticed chicagocrazy's ghost (amateur HOMo)
  3708 | D:3      | Reached skill level 4 in Fighting
  3708 | D:3      | Gained mutation: You heal very quickly. [Vine Stalker growth]
  3708 | D:3      | Reached XP level 6. HP: 33/33 MP: 6/11
  4728 | D:4      | Reached skill level 5 in Fighting
  4992 | D:4      | Reached XP level 7. HP: 34/39 MP: 5/12
  5124 | D:4      | Found a snail-covered altar of Cheibriados.
  5125 | D:4      | Found a shattered altar of Ashenzari.
  5126 | D:4      | Found a basalt altar of Yredelemnul.
  5127 | D:4      | Found an opulent altar of Gozag.
  5202 | D:4      | Found a burning altar of Makhleb.
  5206 | D:4      | Found a white marble altar of Elyvilon.
  5206 | D:4      | Found a radiant altar of Vehumet.
  5206 | D:4      | Found a blossoming altar of Fedhas.
  5206 | D:4      | Found an oddly glowing altar of Pakellas.
  5207 | D:4      | Found a sacrificial altar of Ru.
  5238 | D:4      | Got a brightly glowing ring mail
  5239 | D:4      | Identified the +1 ring mail of Niops {Str+4 Int+2} (You found it on level 4 of the Dungeon)
  5624 | D:5      | Entered Level 5 of the Dungeon
  5707 | D:5      | Noticed Grinder
  5737 | D:4      | Paralysed by Grinder for 2 turns
  5762 | D:4      | Killed Grinder
  5762 | D:4      | Reached skill level 6 in Fighting
  5934 | D:5      | Slain by a hound

Vault maps used:
D:1:      dpeg_arrival_long_road, serial_curves, eino_curves_01, eino_curves_01
D:2:      okawaru_trees_1, uniq_robin
D:3:      tso_altar
D:4:      minitemple, grunt_temple_overflow_open, first_bread, serial_glass,
          glass_columns_b, glass_columns_a, glass_columns_c, glass_columns_c,
          glass_columns_a, glass_columns_b
D:5:      minmay_temple_entry_butterflies, uniq_grinder, uniq_eustachio

Skill      XL: |  1  2  3  4  5  6  7 |
---------------+----------------------+-----
Fighting       | 1 2 3 4 5 6 |  6.4
Conjurations   | 2 3 4 |  4.8
Dodging        | |  1.5
Stealth        | |  2.4
Spellcasting   | |  3.2
Summonings     | |  1.0
Translocations | |  1.0

Action                   |  1- 3 |  4- 6 |  7- 9 || total
-------------------------+-------+-------+-------++-------
Melee: Unarmed           |    29 |       |       ||    29
       Bite              |    28 |    26 |     6 ||    60
       Dagger            |    89 |     6 |       ||    95
       Spear             |       |   169 |    28 ||   197
 Cast: Magic Dart        |    57 |   108 |    46 ||   211
       Mephitic Cloud    |     1 |     7 |     1 ||     9
  Use: Scroll            |     1 |     8 |     1 ||    10
 Stab: Sleeping          |     3 |     2 |       ||     5
       Confused          |     1 |       |     1 ||     2
  Eat: Chunk             |     3 |    10 |     3 ||    16
Armor: Robe              |    45 |    14 |     5 ||    64
Dodge: Dodged            |   115 |    89 |    18 ||   222
